 Dungeon Crawl Stone Soup version 0.30.1-3-gfc49f6343a (webtiles) character file.

Game seed: 11245928248599788025

109 Dordric the Magician (level 5, -3/40 HPs)
             Began as a Djinni Necromancer on July 22, 2023.
             Was an Initiate of Ashenzari.
             Slain by a gnoll
             ... wielding a +0 flail
              (6 damage)
             ... on level 2 of the Dungeon.
             The game lasted 00:03:08 (1648 turns).

Dordric the Magician (Djinni Necromancer)           Turns: 1648, Time: 00:03:09

Health: -3/40      AC:  2    Str:  7    XL:     5   Next: 13%
Gold:   58         EV: 12    Int: 16    God:    Ashenzari [......] SH:  0 Dex: 16

rFire   + + .        (no weapon)
rCold   . . .        (no shield)
rNeg    . . .        a - +0 robe
rPois   ∞            (no helmet)
rElec   .            (no cloak)
rCorr   .            (no gloves)
SInv    .            (boots unavailable)
Will    .....        (no amulet)
Stlth   ++           h - ring "Per Aspera Ad Scientiam" {rC+, Melee, Cun} (curse)
HPRegen 0.26/turn    (no ring)
MPRegen 0.00/turn

%: infuse magic (-4 HP)
@: flying, very slightly contaminated
A: sickness immunity, fire resistance 2, cold vulnerability 1, float, innate
caster, HP casting, extra vitality 1
a: Renounce Religion, Shatter the Chains


You were on level 2 of the Dungeon.
You worshipped Ashenzari.
Ashenzari was noncommittal.
You visited 1 branch of the dungeon, and saw 2 of its levels.

You collected 58 gold pieces.

Inventory:

Armour
 a - a +0 robe (worn)
Jewellery
 h - the cursed ring "Per Aspera Ad Scientiam" (left hand) {rC+, Melee, Cun}
   (You found it on level 2 of the Dungeon)

   [ring of protection from cold]

   rC:        It protects you from cold.
   It has a curse which improves the following skills: Melee Combat: Short
   Blades, Long Blades, Axes, Maces & Flails, Polearms, Staves and Unarmed
   Combat.
   Cunning:   Dodging and Stealth.
Scrolls
 g - a scroll of fog {unknown}
 i - 4 scrolls of identify {unknown}
 j - 2 scrolls of fear {unknown}
 k - a scroll of vulnerability {unknown}
Potions
 b - a potion of flight {unknown}
 c - a potion of haste {unknown}
 d - 2 potions of curing {unknown}
 e - 4 potions of heal wounds {unknown}
 f - a potion of lignification {unknown}


   Skills:
 + Level 2.9 Fighting
 - Level 2.1(2.5) Dodging
 - Level 1.5(1.9) Stealth
 + Level 4.1 Spellcasting


You knew the following spells:

 Your Spells              Type           Power      Damage    Failure   Level
a - Necrotise             Necr           64%        1d7       3%          1
b - Vampiric Draining     Necr           16%        2d7       10%         3
c - Animate Dead          Necr           16%        N/A       30%         4
d - Agony                 Necr           16%        N/A       65%         5
e - Slow                  Hex            64%        N/A       3%          1
f - Wereblood             Tmut           16%        N/A       4%          2
Your spell library was empty.

Dungeon Overview and Level Annotations

Branches:
Dungeon (2/15)

Altars:
Ashenzari


Innate Abilities, Weirdness & Mutations

You are immune to sickness and miasma.
You are immune to poison.
Your flesh is very heat resistant. (rF++)
You are vulnerable to cold. (rC-)
You float through the air rather than walking.
You learn spells naturally, not from books.
Your magical power is your life essence.
You have superior vitality. (+4 MHP)


Message History

Spell assigned to 'f'.
Casting: Vampiric Draining (dangerous; 10% risk of failure)
Confirm with . or Enter, or press ? or * to list all spells.
Aiming: Vampiric Draining (dangerous; 10% risk of failure)
Press: ? - help, Shift-Dir - straight line, f - gnoll
Aim: a gnoll, wielding a +0 club (ally target)
You draw life force from the gnoll!
You feel life coursing into your body. The gnoll hits you with a +0 club.
Casting: Vampiric Draining (dangerous; 10% risk of failure)
Confirm with . or Enter, or press ? or * to list all spells.
Aiming: Vampiric Draining (dangerous; 10% risk of failure)
Press: ? - help, Shift-Dir - straight line, f/p - gnoll
Aim: a gnoll, wielding a +0 club (heavily wounded, ally target)
You draw life force from the gnoll!
You kill the gnoll!
You feel life coursing into your body.
You draw life force from the gnoll.
You feel life coursing into your body. The gnoll hits you with a +0 flail!
You are too injured to fight recklessly!
You are too injured to fight recklessly!
Casting: Vampiric Draining (dangerous; 10% risk of failure)
Confirm with . or Enter, or press ? or * to list all spells.
Aiming: Vampiric Draining (dangerous; 10% risk of failure)
Press: ? - help, Shift-Dir - straight line, f/p - gnoll
Aim: a gnoll, wielding a +0 flail (lightly wounded, ally target)
You draw life force from the gnoll.
You feel life coursing into your body. The gnoll hits you with a +0 flail!
* * * LOW HITPOINT WARNING * * *
Unknown command.
Casting: Vampiric Draining (dangerous; 10% risk of failure)
Confirm with . or Enter, or press ? or * to list all spells.
Aiming: Vampiric Draining (dangerous; 10% risk of failure)
Press: ? - help, Shift-Dir - straight line, f/p - gnoll
Aim: a gnoll, wielding a +0 flail (heavily wounded, ally target)
You miscast Vampiric Draining.
You are very lightly contaminated with residual magic.
Nothing appears to happen.
* * * LOW HITPOINT WARNING * * *
The gnoll hits you with a +0 flail.
You die...

#.# #.# ..#
#.# #.# #.#
#g#
##########@#
#........)Z#
#.##########
#.# #.# #.#
#.# ## #.#
.# #.#


You could see a gnoll (ally target) and a friendly gnoll skeleton.

Vanquished Creatures
  6 gnolls (D:2)
  An adder (D:2)
  A worm (D:2)
  2 endoplasms (D:1)
  2 giant cockroaches (D:1)
  2 goblins (D:1)
  2 hobgoblins (D:2)
  8 jackals
  3 quokkas
  3 ball pythons
  3 bats
  3 frilled lizards
  3 rats
39 creatures vanquished.

Vanquished Creatures (collateral kills)
  A jackal (D:2)
1 creature vanquished.

Grand Total: 40 creatures vanquished

Notes
Turn   | Place    | Note
-------+----------+-------------------------------------------
     0 | D:1      | Dordric the Djinni Necromancer began the quest for the Orb.
     0 | D:1      | Dordric set off with the following spells memorised:
                  | Necrotise, Vampiric Draining, Animate Dead, Agony.
     0 | D:1      | Reached XP level 1. HP: 15/15 MP: 0/0
   242 | D:1      | Reached XP level 2. HP: 22/22 MP: 0/0
   264 | D:1      | Reached skill level 1 in Fighting
   273 | D:1      | Found a faded altar of an unknown god.
   303 | D:1      | Prayed at the altar of an unknown god.
   303 | D:1      | Became a worshipper of Ashenzari the Shackled
   841 | D:1      | Reached XP level 3. HP: 26/27 MP: 0/0
   841 | D:1      | Learned a level 1 spell: Slow
  1256 | D:2      | Reached XP level 4. HP: 15/33 MP: 0/0
  1620 | D:2      | Reached skill level 4 in Spellcasting
  1644 | D:2      | Reached XP level 5. HP: 28/40 MP: 0/0
  1644 | D:2      | Learned a level 2 spell: Wereblood
  1648 | D:2      | Slain by a gnoll

Illustrated notes

Levels and vault maps discovered:
D:1:      heliophobic_arrival_glass_houses, layout_basic,
          hellmonk_ecumenical_altar_crossroads
D:2:      layout_basic

Skill      XL: |  1  2  3  4 |
---------------+-------------+-----
Fighting       | 1 2 |  2.9
Spellcasting   | 4 |  4.1
Dodging        | |  2.1
Stealth        | |  1.5

Action                     |  1- 3 |  4- 6 || total
---------------------------+-------+-------++-------
   Cast: Necrotise         |    63 |    28 ||    91
         Slow              |     2 |       ||     2
         Vampiric Draining |       |     5 ||     5
 Invoke: Curse Item        |     1 |       ||     1
 Armour: Robe              |     2 |       ||     2
  Dodge: Dodged            |    16 |     7 ||    23
